 Dungeon Crawl Stone Soup version 0.32-a0-814-g0968bab981 (webtiles) character file.

Game seed: 3060201048311802549

231 Griffin23 the Trooper (level 5, -4/47 HPs)
             Began as a Minotaur Fighter on Mar 22, 2024.
             Killed by an exploding centaur zombie (19 damage)
             ... ignited by their inner flame
             ... on level 4 of the Dungeon.
             The game lasted 00:05:09 (1974 turns).

Griffin23 the Trooper (Minotaur Fighter)            Turns: 1974, Time: 00:05:17

Health: -4/47      AC:  7    Str: 22    XL:     5   Next: 72%
Magic:  4/4        EV:  8    Int:  5    God:
Gold:   173        SH:  4    Dex: 10    Spells: 4/4 levels left

rFire   . . .        a - +0 long sword
rCold   . . .        c - +0 buckler
rNeg    + . .        b - +0 scale mail
rPois   .            (helmet restricted)
rElec   .            (no cloak)
rCorr   .            (no gloves)
SInv    .            (no boots)
Will    .....        (no amulet) Stlth
                     e - ring of positive energy
HPRegen 0.27/turn    (no ring)
MPRegen 0.09/turn

%: no passive effects
@: no status effects
A: horns 2, retaliatory headbutt
a: no special abilities


You were on level 4 of the Dungeon.
You visited 1 branch of the dungeon, and saw 4 of its levels.

You collected 209 gold pieces.
You spent 36 gold pieces at shops.

Inventory:

Hand Weapons
 a - a +0 long sword (weapon)
Armour
 b - a +0 scale mail (worn)
 c - a +0 buckler (worn)
Jewellery
 e - a ring of positive energy (left hand)
Scrolls
 g - a scroll of fog {unknown}
 j - 2 scrolls of fear {unknown}
 m - a scroll of revelation {unknown}
Potions
 d - a potion of might
 f - 2 potions of haste {unknown}
 h - a potion of resistance
 l - a potion of degeneration {unknown}
 n - a potion of brilliance {unknown}


   Skills:
 + Level 4.9 Fighting
 * Level 4.7 Long Blades
 + Level 4.8 Armour
 + Level 4.8 Shields


You had 4 spell levels left.
You didn't know any spells.
Your spell library contained the following spells:

 Spells                   Type           Power      Damage    Failure   Level
 Freeze                   Ice            0%         1d3       85%         1
 Frozen Ramparts          Ice            0%         1d1       99%         3
 Hailstorm                Conj/Ice       0%         3d5       99%         3


Dungeon Overview and Level Annotations

Branches:
Dungeon (4/15)
 Temple: D:4-7

Altars:

Shops:
D:2 (   D:3 **!!


Innate Abilities, Weirdness & Mutations

You have a pair of horns on your head.
You reflexively headbutt those who attack you in melee.


Message History

The cerulean imp disappears in a puff of smoke! x3
You are too injured to fight recklessly!
You are too injured to fight recklessly!
You are too injured to fight recklessly!
You hit the centaur zombie. You headbutt the centaur zombie!
The centaur zombie is moderately damaged.
You block the centaur zombie's attack. The centaur zombie barely misses you.
The adder skeleton bites you. You block the centaur zombie's attack.
The centaur zombie kicks you but does no damage.
The spectral hound bites you but does no damage.
You hit the centaur zombie. You headbutt the centaur zombie.
The centaur zombie is severely damaged.
The adder skeleton bites you but does no damage.
The spectral hound bites you but does no damage.
The centaur zombie hits you but does no damage.
The centaur zombie kicks you but does no damage.
You slash the centaur zombie!
The centaur zombie is almost destroyed.
The spectral hound closely misses you. The adder skeleton bites you.
The centaur zombie hits you. The centaur zombie closely misses you.
The spectral hound barely misses you. You furiously retaliate!
You headbutt the spectral hound!
The adder skeleton bites you but does no damage.
The centaur zombie barely misses you. The centaur zombie kicks you.
Okay, then.
As you read the scroll labelled FIOMYG ETHREA, it crumbles to dust.
The creatures around you are filled with an inner flame!
It was a scroll of immolation.
The spectral hound closely misses you. You furiously retaliate!
You headbutt the spectral hound!
You destroy the spectral hound!
The centaur zombie hits you but does no damage.
The centaur zombie closely misses you. The adder skeleton barely misses you.
You hit the centaur zombie.
The centaur zombie explodes!
The fiery explosion engulfs the withered plant!!
The withered plant begins to crumble.
The withered plant begins to die.
The withered plant is lightly damaged.
The fiery explosion engulfs the adder skeleton!!
The fiery explosion engulfs you!!
You die...

#....... ...)
♣#'###### ♣♣....
♣#...## ♣....
♣♣.....## ♣♣...
♣.......## ♣...♣
#.........## ♣§§§♣
+.........+.
###♣§.§♣
#.........##
#..♣P@P♣
##.......#.. #
#..P♣♣ ##.....##.#
#.#..♣♣ ##...###.#
#...#.###.# ##+#
#.# #....†....#
#.# #..
#####.##### #.#
### #.#########.##
#(......##...##
######........####


There were no monsters in sight!

Vanquished Creatures
  A hound (D:4)
  A centaur zombie (D:4)
  Natasha (D:4)
  An orc wizard (D:3)
  A spectral hound (D:4)
  2 hound zombies (D:4)
  A hound skeleton (D:4)
  3 adders
  An adder skeleton (D:4)
  A ribbon worm (D:3)
  4 dart slugs
  3 orcs (D:3)
  6 bats
  4 endoplasms
  2 giant cockroaches
  3 hobgoblins
  4 jackals (D:4)
  7 kobolds
  A quokka (D:3)
  5 ball pythons
  2 frilled lizards (D:3)
  5 rats
59 creatures vanquished.

Notes
Turn   | Place    | Note
-------+----------+-------------------------------------------
     0 | D:1      | Griffin23 the Minotaur Fighter began the quest for the Orb.
     0 | D:1      | Reached XP level 1. HP: 19/19 MP: 0/0
   143 | D:1      | Reached XP level 2. HP: 27/27 MP: 1/1
   177 | D:1      | Found a faded altar of an unknown god.
   631 | D:2      | Found Neciorchom's Weapon Boutique.
   733 | D:2      | Reached XP level 3. HP: 31/33 MP: 2/2
  1055 | D:3      | Found Goyvon's Distillery.
  1115 | D:3      | Found Yjuawovuu's General Store.
  1140 | D:3      | Found Mekhluwn's Distillery.
  1211 | D:3      | Found Wauntuxi's General Store.
  1214 | D:3      | Bought a scroll of teleportation for 36 gold pieces
  1262 | D:3      | HP: 1/33 [orc/+0 whip (2)]
  1270 | D:3      | Reached XP level 4. HP: 41/41 MP: 3/3
  1719 | D:4      | Reached XP level 5. HP: 38/47 MP: 4/4
  1955 | D:4      | Noticed Natasha
  1968 | D:4      | Killed Natasha
  1974 | D:4      | Killed by an exploding centaur zombie... ignited by their
                  | inner flame

Illustrated notes

Levels and vault maps discovered:
D:1:      lemuel_arrival_cross, layout_basic, chequers_ecumenical_altar_twisty
D:2:      layout_rooms, serial_shops, nicolae_shop_bloodbath_and_beyond
D:3:      layout_rooms, serial_shops, nicolae_shop_trees, shop,
          nicolae_shop_real_fake_doors, nicolae_shop_tiny_waterfront
D:4:      layout_loops_corners, dilly_guarded_unrand_morg

Skill      XL: |  1  2  3  4 |
---------------+-------------+-----
Shields        | 4 |  4.8
Fighting       | 4 |  4.9
Armour         | 4 |  4.8
Long Blades    | 3 4 |  4.7

Action                     |  1- 3 |  4- 6 || total
---------------------------+-------+-------++-------
  Melee: Long sword        |    91 |    48 ||   139
         Headbutt          |     5 |     7 ||    12
    Use: Potion            |     7 |       ||     7
         Scroll            |     1 |     1 ||     2
 Armour: Scale mail        |   144 |    60 ||   204
         Skin              |    28 |    14 ||    42
  Dodge: Dodged            |    64 |    35 ||    99
  Block: Buckler           |    25 |    17 ||    42

Table legend: (Time is in decaauts)
 A = Elapsed time spent in this place.
 B = Non-inter-level travel time spent in this place.
 C = Inter-level travel time spent in this place.
 D = Time resting spent in this place.
 E = Time spent auto-exploring this place.
 F = Levels seen in this place.
 G = Mean time per level.
                   A        B        C        D        E       F      G
               +--------+--------+--------+--------+--------+-----+--------+
         Total |   2009 |   1953 |     56 |     51 |   1535 |   4 |  502.2 |
       Dungeon |   2009 |   1953 |     56 |     51 |   1535 |   4 |  502.2 |
               +--------+--------+--------+--------+--------+-----+--------+

Top non-repeatable levels by time:
     D:1: 586 daAuts
     D:4: 510 daAuts
     D:3: 486 daAuts
     D:2: 426 daAuts
